 Dungeon Crawl Stone Soup version 0.16.2-2-g470672f (webtiles) character file.

403 hannobal the Slasher (level 6, -4/48 HPs)
             Began as a Demigod Skald on Aug 31, 2015.
             Killed from afar by Dowan (7 damage)
             ... with a wand of magic darts
             ... on level 5 of the Dungeon.
             The game lasted 00:16:14 (5219 turns).

hannobal the Slasher (Demigod Skald)                Turns: 5219, Time: 00:16:14

Health: -4/48      AC: 10    Str: 19    XL:     6   Next: 29%
Magic:  0/13       EV:  7    Int: 16    God:
Gold:   203        SH:  0    Dex: 13    Spells: 1 memorised, 7 levels left

rFire  . . .     SeeInvis .     a - +0 falchion
rCold  . . .     Clarity  .     e - +0 chain mail
rNeg   . . .     SustAb   +     (no shield)
rPois  .         Gourm    .     (no helmet)
rElec  .         Spirit   +     A - +0 cloak
rCorr  .         Warding  .     h - +0 pair of gloves
rMut   .         Stasis   .     (no boots)
MR     .....                    t - amulet of guardian spirit
Stlth  ..........               (no ring)
                                (no ring)

@: not resistant to hostile enchantments, extremely unstealthy
A: clumsy 1, regeneration 1, sustain abilities
a: no special abilities


You were on level 5 of the Dungeon.
You were not hungry.

You visited 1 branch of the dungeon, and saw 5 of its levels.

You collected 203 gold pieces.

Inventory:

Hand weapons
 a - a +0 falchion (weapon)
 b - a +0 hunting sling
 k - a +0 dagger
 r - a +0 trident
Missiles
 n - 34 sling bullets
 q - 154 stones (quivered)
 v - 45 bolts
 w - 59 arrows
Armour
 e - a +0 chain mail (worn)
 f - a +0 leather armour
 g - a +0 scale mail
 h - a +0 pair of gloves (worn)
 l - a +0 ring mail
 A - a +0 cloak (worn)
Jewellery
 t - an amulet of guardian spirit (around neck)
Scrolls
 i - 2 scrolls of identify
 p - a scroll of fear
 u - a scroll of recharging
 x - 2 scrolls of magic mapping
 y - a scroll of remove curse
Potions
 o - a potion of cure mutation {!q}
 z - a potion of brilliance
Books
 c - a book of Battle

   Spells                             Type                      Level
   a - Infusion                       Charms                       1
   b - Shroud of Golubria             Charms/Translocation         2
   c - Song of Slaying                Charms                       2
   d - Spectral Weapon                Hexes/Charms                 3
   e - Regeneration                   Charms/Necromancy            3
 s - a book of Alchemy

   Spells                             Type                      Level
   a - Sublimation of Blood           Necromancy                   2
   b - Alistair's Intoxication        Transmutation/Poison         4
   c - Condensation Shield            Ice                          4
   d - Petrify                        Transmutation/Earth          4
   e - Ignite Poison                  Fire/Transmutation           5
   f - Irradiate                      Conjuration/Transmutation    5
Comestibles
 d - 3 bread rations {@e1}
 j - 2 meat rations {@e2}
 m - a chunk of flesh {@w0}


   Skills:
 - Level 1.7 Fighting
 + Level 6.3 Long Blades
 - Level 1.1 Armour
 - Level 1.0 Dodging
 - Level 1.7 Spellcasting
 - Level 2.6 Charms


You had 7 spell levels left.
You knew the following spells:

 Your Spells              Type           Power        Failure   Level  Hunger
a - Infusion              Chrm           ##....       87%         1    ##.....


Dungeon Overview and Level Annotations

Branches:
Dungeon (5/15)
 Temple: D:4-7

Shops:
D:5 !

Annotations:
D:4 Eustachio
D:5 Dowan


Innate Abilities, Weirdness & Mutations

Your attributes are resistant to harm.
You are clumsy. (Dex -2)
Your natural rate of healing is unusually fast.


Message History

The shadow imp is lightly wounded.
The shadow imp hits you but does no damage.
The crimson imp hits you but does no damage.
There is a stone staircase leading down here.
The crimson imp grinds its teeth.
The crimson imp hits you but does no damage.
The shadow imp summons a swarm of flies.
The shadow imp gestures at you. Pain shoots through your body!
* * * LOW HITPOINT WARNING * * *
You climb downwards.
Level annotation: Dowan The rat disappears in a puff of smoke!
The river rat disappears in a puff of smoke!
The rat disappears in a puff of smoke!
The quasit disappears in a puff of smoke!
The crimson imp disappears in a puff of smoke!
The white imp disappears in a puff of smoke!
Dowan zaps a wand.
The magic dart hits you!
You die...

#.......# #.# #..#
##.......###5#######..#
....?.......r..r@.....#
#.....?(###########.##
#......(# #...
.###......(#### #.##
..............# #...
.########.c##.### ####
#.@§.e......
8.8.8..§§§.##.###
⌠.⌠..§§..## #
.∩.8##.### ⌠.⌠ #> 8 #.
#. #. .


You could see Dowan and a centaur.

Vanquished Creatures
  Duvessa (D:5)
  A scorpion (D:4)
  A hound (D:4)
  Terence (D:1)
  3 gnolls (D:5)
  2 river rats (D:5)
  A shadow imp (D:5)
  8 adders
  An ufetubus (D:5)
  3 worms
  An adder skeleton (D:4)
  4 orcs
  A bat skeleton (D:4)
  2 giant cockroaches
  23 goblins
  10 hobgoblins
  12 jackals
  5 kobolds
  3 ball pythons
  16 bats
  5 giant geckos
  5 giant newts
  5 quokkas
  12 rats
126 creatures vanquished.

Notes
Turn   | Place    | Note
--------------------------------------------------------------
     0 | D:1      | hannobal, the Demigod Skald, began the quest for the Orb.
     0 | D:1      | Reached XP level 1. HP: 17/17 MP: 3/3
   541 | D:1      | Reached XP level 2. HP: 15/24 MP: 4/4
  1035 | D:1      | Reached skill level 3 in Long Blades
  1348 | D:2      | Reached XP level 3. HP: 24/29 MP: 7/7
  1794 | D:2      | Found an ancient bone altar of Kikubaaqudgha.
  1796 | D:2      | Gained mutation: You are clumsy. (Dex -2) [potion of mutation]
  1796 | D:2      | Gained mutation: Your natural rate of healing is unusually fast. [potion of mutation]
  1851 | D:2      | Found a sparkling altar of Nemelex Xobeh.
  1960 | D:2      | Noticed Terence
  2050 | D:1      | Killed Terence
  2050 | D:1      | Reached skill level 4 in Long Blades
  2050 | D:1      | Reached XP level 4. HP: 31/36 MP: 9/9
  2075 | D:2      | Reached skill level 1 in Armour
  2205 | D:2      | Reached skill level 1 in Dodging
  3215 | D:3      | Found a deep blue altar of Sif Muna.
  3216 | D:3      | Found a shattered altar of Ashenzari.
  3302 | D:3      | Found a radiant altar of Vehumet.
  3497 | D:4      | Reached XP level 5. HP: 41/41 MP: 10/10
  3670 | D:4      | Reached skill level 5 in Long Blades
  4470 | D:5      | Entered Level 5 of the Dungeon
  4514 | D:5      | Found Bloa's Distillery.
  4514 | D:5      | Noticed Dowan
  4515 | D:5      | Noticed Duvessa
  4891 | D:5      | Reached XP level 6. HP: 31/48 MP: 9/13
  4962 | D:5      | Reached skill level 6 in Long Blades
  4984 | D:5      | Noticed Eustachio
  5205 | D:5      | Killed Duvessa
  5218 | D:4      | HP: 2/48 [shadow imp/nerve-wracking pain[Eustachio] (6)]
  5219 | D:5      | Killed from afar by Dowan

Action                   |  1- 3 |  4- 6 || total
-------------------------+-------+-------++-------
Melee: Falchion          |   214 |   399 ||   613
 Fire: Hunting sling     |       |     6 ||     6
Throw: Stone             |       |     8 ||     8
  Use: Scroll            |     5 |     7 ||    12
       Potion            |     3 |     2 ||     5
  Eat: Chunk             |     4 |     9 ||    13
       Pizza             |       |     1 ||     1
